 Dungeon Crawl Stone Soup version 0.31-a0-844-gdc52ec4e09 (webtiles) character file.

Game seed: 8523637106565366567

2 Bravepunisher the Ducker (level 1, -1/11 HPs)
             Began as a Spriggan Monk on Sept 30, 2023.
             Killed by divine providence
             ... invoked by an orc priest
              (12 damage)
             ... on level 7 of the Dungeon.
             The game lasted 00:02:24 (793 turns).

Bravepunisher the Ducker (Spriggan Monk)             Turns: 793, Time: 00:02:24

Health: -1/11      AC:  2    Str:  7    XL:     1   Next: 25%
Magic:  2/2        EV: 18    Int: 11    God:
Gold:   79         SH:  0    Dex: 17    Spells: 0/0 levels left

rFire   . . .        a - +0 short sword
rCold   . . .        (no shield)
rNeg    . . .        b - +0 robe
rPois   .            (helmet restricted)
rElec   .            (no cloak)
rCorr   .            (gloves unavailable)
SInv    +            (boots unavailable)
Will    .....        (no amulet)
Stlth   ++           (no ring)
HPRegen 0.21/turn    (no ring)
MPRegen 0.08/turn

%: no passive effects
@: very quick
A: very small, no large weapons, unfitting armour, see invisible, speed 3
a: no special abilities


You were on level 7 of the Dungeon.
You visited 1 branch of the dungeon, and saw 7 of its levels.

You collected 79 gold pieces.

Inventory:

Hand Weapons
 a - a +0 short sword (weapon)
Armour
 b - a +0 robe (worn)
Scrolls
 d - a scroll of teleportation {unknown}
 e - a scroll of revelation {unknown}
Potions
 c - a potion of ambrosia
 f - a potion of lignification {unknown}
 g - a potion of berserk rage {unknown}


   Skills:
 * Level 2.5 Fighting
 - Level 3.2 Short Blades
 + Level 4.0 Dodging


You couldn't memorise any spells.
You didn't know any spells.
Your spell library was empty.

Dungeon Overview and Level Annotations

Branches:
Dungeon (7/15)
 Temple: D:4-7

Altars:
Gozag
Wu Jian
Xom

Shops:
D:6 (

Annotations:
D:4 Dowan, Duvessa


Innate Abilities, Weirdness & Mutations

You are very small and have problems with some larger weapons.
You are too small for most types of armour.
You have supernaturally acute eyesight. (SInv)
You cover ground extremely quickly. (Speed+++)


Message History

Found Icuudd's Hydra Hut.
The adder hisses angrily.
The four-headed hydra roars!
The scorpion barely misses you. The adder completely misses you.
A scorpion comes into view.
The adder attacks as it pursues you! The adder barely misses you.
The adder barely misses you. The adder attacks as it pursues you!
The adder closely misses you.
The scorpion stings you but does no damage.
Found an escape hatch in the floor.
The scorpion attacks as it pursues you!
The scorpion stings you but does no damage.
An orc comes into view. It is wielding a +0 trident.
An orc warrior comes into view.
It is wielding a +0 scimitar and wearing a +0 chain mail of cold resistance.
Found a stone staircase leading up.
An orc comes into view. It is wielding a +0 mace.
The orc warrior shouts!
A shadow imp comes into view.
The shadow imp shouts!
A scorpion comes into view.
Found a bone wand.
Found a pink potion and 5 stones.
The scorpion stings you but does no damage.
A water moccasin comes into view.
The water moccasin hisses angrily.
The water moccasin bites you but does no damage.
You see here a pink potion.
Found a stone staircase leading down.
Found 18 gold pieces.
Found a stone staircase leading down.
Found 15 gold pieces.
There is a stone staircase leading down here.
You climb downwards.
There is a stone staircase leading up here.
You now have 79 gold pieces (gained 21).
g - a bubbling cyan potion An orc and an orc priest come into view.
The orc shouts!
The orc priest shouts!
You hear a shout!
The orc priest calls down the wrath of Beogh upon you.
Beogh smites you!
Ouch! That really hurt!
You die...

... ## ...####
....... .......
..o....###### #
.o.#........#.##
........@.......
..#........#.##
#........#
#####.####
###...#
###...###
##...### #...##
##...###


You could see an orc priest and an orc.

Vanquished Creatures
  A goblin (D:1)
  A rat (D:2)
2 creatures vanquished.

Notes
Turn   | Place    | Note
-------+----------+-------------------------------------------
     0 | D:1      | Bravepunisher the Spriggan Monk began the quest for the
                  | Orb.
     0 | D:1      | Reached XP level 1. HP: 11/11 MP: 2/2
   116 | D:3      | Found an opulent altar of Gozag.
   312 | D:4      | Found a shimmering altar of Xom.
   312 | D:4      | Found an ornate altar of the Wu Jian Council.
   313 | D:4      | Noticed Dowan
   325 | D:4      | Noticed Duvessa
   394 | D:5      | Entered Level 5 of the Dungeon
   488 | D:5      | Noticed a hound
   501 | D:5      | Noticed a hound
   507 | D:5      | Noticed an orc wizard
   528 | D:5      | Noticed an orc wizard
   676 | D:5      | Noticed a hound
   682 | D:6      | Noticed a phantom
   698 | D:6      | Noticed a scorpion
   699 | D:6      | Found Icuudd's Hydra Hut.
   700 | D:6      | Noticed a four-headed hydra
   702 | D:6      | Noticed a scorpion
   716 | D:6      | Noticed an orc warrior
   728 | D:6      | Noticed a scorpion
   736 | D:6      | Noticed a water moccasin
   791 | D:7      | Noticed an orc priest
   793 | D:7      | Killed from afar by an orc priest

Illustrated notes

Levels and vault maps discovered:
D:1:      dpeg_arrival_round_a, layout_basic, hangedman_decor_lopped
D:2:      layout_basic, ebering_ecumenical_altar_mist, serial_shops,
          nicolae_shop_peninsula, kennysheep_generic_room_6
D:3:      layout_basic, mainiacjoe_overflow_six_doors_small,
          dancing_weapons_uskayaw, grunt_decor_resistance
D:4:      layout_rooms, mainiacjoe_overflow_large_starburst,
          lemuel_blue_sif_altar, uniq_duvessa
D:5:      layout_basic, general_overflow_altar, minmay_temple_entry_offerings,
          serial_corexii_hall, corexii_hall_statues_i, chequers_hall_statues_y,
          corexii_hall_statues_u, corexii_hall_statues_i, hex_medium
D:6:      layout_cave_pools, serial_shops, shop, doesnt_shop_hydraphobe
D:7:      layout_basic, nicolae_overflow_hidden_temple, serial_curves,
          eino_curves_03, eino_curves_03, kb_lookout_dungeons_type

Action                     || total
---------------------------++-------
  Melee: Short sword       ||    10
 Armour: Robe              ||    13
  Dodge: Dodged            ||    25

Table legend: (Time is in decaauts)
 A = Elapsed time spent in this place.
 B = Non-inter-level travel time spent in this place.
 C = Inter-level travel time spent in this place.
 D = Time resting spent in this place.
 E = Time spent auto-exploring this place.
 F = Levels seen in this place.
 G = Mean time per level.
                   A        B        C        D        E       F      G
               +--------+--------+--------+--------+--------+-----+--------+
         Total |    502 |    502 |      0 |      0 |    198 |   7 |   71.7 |
       Dungeon |    502 |    502 |      0 |      0 |    198 |   7 |   71.7 |
               +--------+--------+--------+--------+--------+-----+--------+

Top non-repeatable levels by time:
     D:5: 179 daAuts
     D:3: 117 daAuts
     D:4: 61 daAuts
     D:1: 49 daAuts
     D:6: 41 daAuts
     D:7: 27 daAuts
     D:2: 25 daAuts
